 Dungeon Crawl Stone Soup version 0.30-a0-34-gbe8da3892a (webtiles) character file.

Game seed: 1242592627930865952

3518 bearlyready the Covert (level 9, 0/39 HPs)
             Began as a Spriggan Fire Elementalist on Aug 27, 2022.
             Was an Initiate of Dithmenos.
             Slain by Duvessa
             ... wielding a +0 rapier
              (20 damage)
             ... on level 6 of the Dungeon.
             The game lasted 00:25:39 (11148 turns).

bearlyready the Covert (SpFE)                      Turns: 11148, Time: 00:25:40

Health: 0/39       AC:  4    Str:  4    XL:     9   Next: 81%
Magic:  0/14       EV: 25    Int: 16    God:    Dithmenos [......]
Gold:   137        SH:  5    Dex: 20    Spells: 10/13 levels left

rFire   . . .      SeeInvis +    H - +3 dagger (venom)
rCold   . . .      Faith    .    (no shield)
rNeg    . . .      Spirit   .    a - +0 robe
rPois   .          Reflect  +    h - +1 hat
rElec   .          Harm     .    G - +0 cloak
rCorr   .          Rampage  .    (gloves unavailable)
Will    ++...                    (boots unavailable)
Stlth   ++++++....               e - amulet of reflection
HPRegen 0.13/turn                u - ring of willpower
MPRegen 0.14/turn                (no ring)

@: very slightly contaminated, very quick
A: very small, no large weapons, unfitting armour, see invisible, speed 3
a: Renounce Religion


You were on level 6 of the Dungeon.
You worshipped Dithmenos.
Dithmenos was noncommittal.
You visited 2 branches of the dungeon, and saw 9 of its levels.

You collected 358 gold pieces.
You spent 221 gold pieces at shops.

Inventory:

Hand Weapons
 d - a +0 short sword
 p - a +0 short sword of freezing
 A - a +2 dagger of flaming
 C - a +1 short sword
 E - a +1 falchion
 H - a +3 dagger of venom (weapon)
Missiles
 q - a throwing net (quivered)
Armour
 a - a +0 robe (worn)
 h - a +1 hat (worn)
 i - the +3 leather armour "Uhuogott" {+Blink rCorr SInv}
   (You found it on level 2 of the Dungeon)

   SInv:      It lets you see invisible.
   +Blink:    It lets you blink.
   rCorr:     It protects you from acid and corrosion.
 F - +0 ice dragon scales
 G - a +0 cloak (worn)
Jewellery
 e - an amulet of reflection (around neck)
 u - a ring of willpower (left hand)
Wands
 z - a wand of flame (38)
Scrolls
 c - 3 scrolls of amnesia {unknown}
 f - a scroll of enchant weapon {unknown}
 g - a scroll of fear
 l - a scroll of acquirement {unknown}
 m - 5 scrolls of teleportation
 n - 4 scrolls of magic mapping {unknown}
 o - a scroll of torment {unknown}
 r - a scroll of identify
 x - 3 scrolls of butterflies {unknown}
 y - a scroll of brand weapon {unknown}
Potions
 b - a potion of magic
 j - a potion of mutation {unknown}
 k - a potion of lignification {unknown}
 s - 2 potions of flight
 t - 3 potions of degeneration
 v - 6 potions of heal wounds {unknown}
 w - 3 potions of brilliance {unknown}
 B - a potion of ambrosia {unknown}
 D - a potion of curing


   Skills:
 + Level 0.2 Fighting
 - Level 8.0 Short Blades
 + Level 10.0 Dodging
 + Level 14.2 Stealth
 - Level 2.7 Spellcasting
 - Level 1.0 Conjurations
 - Level 3.0 Fire Magic


You had 10 spell levels left.
You knew the following spells:

 Your Spells              Type           Power      Damage    Failure   Level
a - Foxfire               Conj/Fire      32%        2x1d5     9%          1
b - Scorch                Fire           22%        2d6       9%          2

Your spell library contained the following spells:

 Spells                   Type           Power      Damage    Failure   Level
 Conjure Flame            Conj/Fire      8%         6-21      26%         3
 Inner Flame              Hex/Fire       6%         N/A       30%         3
 Flame Wave               Conj/Fire      8%         2d5       63%         4


Dungeon Overview and Level Annotations

Branches:
Dungeon (8/15)             Temple (1/1) D:7
   Lair: D:8-11

Altars:
Ashenzari
Cheibriados
Dithmenos
Elyvilon
Fedhas
Gozag
Hepliaklqana
Kikubaaqudgha
Makhleb
Nemelex Xobeh
Okawaru
Ru
Sif Muna
Trog
Uskayaw
Vehumet
Wu Jian
Xom
Yredelemnul
Zin

Shops:
D:2 =   D:4 ?   D:6 ?

Annotations:
D:4 timneilson's ghost, amateur GrFi
D:5 2 transporters
D:6 Blork the orc; Duvessa


Innate Abilities, Weirdness & Mutations

You are very small and have problems with some larger weapons.
You are too small for most types of armour.
You have supernaturally acute eyesight. (SInv)
You cover ground extremely quickly. (Speed+++)


Message History

Casting: Foxfire (safe; 9% risk of failure)
Confirm with . or Enter, or press ? or * to list all spells.
Flames lash Duvessa.
Duvessa is lightly wounded.
Duvessa's fire resistance burns away.
Duvessa struggles against the net. x2
Casting: Scorch (safe; 9% risk of failure)
Confirm with . or Enter, or press ? or * to list all spells.
Flames lash Duvessa.
Duvessa is burned terribly!
Duvessa is heavily wounded.
Duvessa struggles against the net.
The net rips apart, and Duvessa comes free!
Casting: Scorch (safe; 9% risk of failure)
Confirm with . or Enter, or press ? or * to list all spells.
Flames lash Duvessa.
Duvessa is burned terribly!
Duvessa is severely wounded.
Casting: Scorch (safe; 9% risk of failure)
Confirm with . or Enter, or press ? or * to list all spells.
You miscast Scorch.
You are very lightly contaminated with residual magic.
Nothing appears to happen.
You block Duvessa's attack.
Casting: Scorch (safe; 9% risk of failure)
Confirm with . or Enter, or press ? or * to list all spells.
Flames lash Duvessa.
Duvessa is burned terribly!
Duvessa is almost dead.
You block Duvessa's attack. Duvessa hits you with a +0 rapier!
Casting: Scorch (safe; 9% risk of failure)
Confirm with . or Enter, or press ? or * to list all spells.
Flames lash Duvessa but do no damage.
Duvessa hits you with a +0 rapier.
Okay, then.
Okay, then.
Okay, then.
Casting: Scorch (safe; 9% risk of failure)
Confirm with . or Enter, or press ? or * to list all spells.
Okay, then.
Casting: Scorch (safe; 9% risk of failure)
Confirm with . or Enter, or press ? or * to list all spells.
You miscast Foxfire.
Nothing appears to happen.
Duvessa completely misses you. Duvessa hits you with a +0 rapier!!
Ouch! That really hurt!
You die...

...#.....##..# ###.##...#
.>.#.#...###.# #.h.##?..#
...#.#...###.## #.####...#
####.#.....#.>### ##.# #..#
....######..#...###..####.###
#.### ##......#..........# ...#
#......#....e.....# .#.##
#......#...#####..# ....####
##....@#...#[?!#5.### #.#....#
#....e#...#?=$#....# #.####.##
#.....#...#()$#....# #.# #..#
#.....#...#####....#
#.#####.#######...............#
......#.>...# ##..............#
......#####.####...#..........#
......# #......#.#..........#
......# #####..#...##########


You could see Duvessa (berserk, combustible).

Vanquished Creatures
  An unseen horror zombie (D:7)
  Prince Ribbit (D:7)
  A steam dragon (D:7)
  Menkaure (D:6)
  A water moccasin (D:7)
  4 hornet zombies (D:7)
  A sky beast (D:7)
  2 black bears (D:5)
  3 ogres
  A phantom (D:4)
  A centaur (D:6)
  2 necrophages
  2 scorpions (D:5)
  9 wights (D:7)
  Dowan (D:6)
  A howler monkey (D:3)
  A bullfrog zombie (D:7)
  5 centaur zombies (D:7)
  A jelly (D:6)
  2 hounds
  2 orc priests
  Crazy Yiuf (D:7)
  A gnoll bouda (D:5)
  An iguana (D:5)
  3 orc wizards
  2 killer bee zombies (D:7)
  2 howler monkey zombies (D:7)
  11 gnolls
  11 adders
  A white imp (D:6)
  An ufetubus (D:5)
  2 worms
  2 dart slugs (D:2)
  15 orcs
  5 ball pythons
  2 bats
  An endoplasm (D:2)
  3 giant cockroaches
  7 goblins
  5 hobgoblins
  6 jackals (D:1)
  10 kobolds
  2 quokkas
  5 frilled lizards
  4 rats
146 creatures vanquished.

Vanquished Creatures (collateral kills)
  2 foxfires (D:1)
2 creatures vanquished.

Vanquished Creatures (others)
  139 foxfires
  36 fungi
  32 plants
  5 withered plants (D:7)
212 creatures vanquished.

Grand Total: 360 creatures vanquished

Notes
Turn   | Place    | Note
-------+----------+-------------------------------------------
     0 | D:1      | bearlyready the Spriggan Fire Elementalist began the quest
                  | for the Orb.
     0 | D:1      | Reached XP level 1. HP: 9/9 MP: 5/5
   367 | D:1      | Reached skill level 1 in Conjurations
   367 | D:1      | Reached XP level 2. HP: 13/13 MP: 4/6
   785 | D:1      | Found a faded altar of an unknown god.
  1710 | D:2      | Reached skill level 1 in Short Blades
  1710 | D:2      | Reached skill level 4 in Stealth
  1710 | D:2      | Reached XP level 3. HP: 16/16 MP: 8/8
  1946 | D:2      | Found Bastosk's Jewellery Shoppe.
  1956 | D:2      | Identified the +3 leather armour "Uhuogott" {+Blink rCorr
                  | SInv}
  2192 | D:2      | Reached XP level 4. HP: 11/21 MP: 9/9
  2981 | D:3      | Learned a level 2 spell: Scorch
  3096 | D:3      | Reached skill level 5 in Stealth
  3435 | D:3      | Reached XP level 5. HP: 20/24 MP: 10/10
  3615 | D:3      | Reached skill level 6 in Stealth
  3716 | D:4      | Found a blossoming altar of Fedhas.
  4033 | D:4      | Found Liecsacs's Magic Scroll Shoppe.
  4038 | D:4      | Noticed a phantom
  4069 | D:4      | Killed a phantom
  4070 | D:4      | Reached skill level 7 in Stealth
  4070 | D:4      | Reached XP level 6. HP: 7/28 MP: 1/11
  4074 | D:4      | Bought a scroll of teleportation for 39 gold pieces
  4074 | D:4      | Bought a scroll of identify for 26 gold pieces
  4074 | D:4      | Bought a scroll of teleportation for 39 gold pieces
  4074 | D:4      | Bought 3 scrolls of teleportation for 117 gold pieces
  4307 | D:4      | Found a runed translucent door.
  4311 | D:4      | Noticed timneilson's ghost (amateur GrFi)
  4616 | D:5      | Entered Level 5 of the Dungeon
  5022 | D:5      | Reached skill level 8 in Stealth
  5031 | D:5      | Reached skill level 5 in Short Blades
  5125 | D:5      | Reached XP level 7. HP: 32/32 MP: 12/12
  5148 | D:6      | Noticed Blork the orc
  5159 | D:6      | Reached skill level 9 in Stealth
  5170 | D:6      | Noticed Menkaure
  5524 | D:6      | Found Awka's Magic Scroll Shop.
  5533 | D:6      | Noticed Duvessa
  5533 | D:6      | Noticed Dowan
  5866 | D:6      | Killed Menkaure
  6924 | D:5      | Noticed a small abomination
  7424 | D:5      | Reached skill level 10 in Stealth
  7424 | D:5      | Reached XP level 8. HP: 36/36 MP: 13/13
  7537 | D:5      | Reached skill level 5 in Dodging
  7564 | D:5      | Found a transporter.
  7567 | D:5      | Found a transporter.
  7909 | D:6      | Killed Dowan
  7950 | D:7      | Upgraded the game from 0.30-a0-29-g142975f185 to
                  | 0.30-a0-34-gbe8da3892a
  8197 | D:7      | Reached skill level 11 in Stealth
  8711 | D:7      | Reached XP level 9. HP: 39/39 MP: 14/14
  8744 | D:7      | Reached skill level 12 in Stealth
  9989 | D:7      | Reached skill level 13 in Stealth
 10403 | D:7      | Noticed Prince Ribbit
 10428 | D:7      | Killed Prince Ribbit
 10541 | D:7      | Found a staircase to the Ecumenical Temple.
 10550 | Temple   | Entered the Ecumenical Temple
 10600 | Temple   | Became a worshipper of Dithmenos the Shadowed
 10626 | D:7      | Reached skill level 14 in Stealth
 10788 | D:7      | Found a runed translucent door.
 10789 | D:7      | Noticed Crazy Yiuf
 10846 | D:7      | Killed Crazy Yiuf
 10987 | D:7      | Reached skill level 10 in Dodging
 11148 | D:6      | Slain by Duvessa

Illustrated notes

Levels and vault maps discovered:
D:1:      wander_arrival_fairy_ring, layout_basic,
          shapermc_ecumenical_altar_petra, lexackson_kobold_supper
D:2:      layout_basic, serial_shops, nicolae_square_shop,
          kennysheep_cluttered_room
D:3:      layout_basic
D:4:      layout_rooms, mainiacjoe_overflow_catwalk, serial_shops, shop,
          ebering_ghost_sewer_d
D:5:      layout_loops_ring, gammafunk_ghost_abyssal_escape,
          nicolae_elevator_lobby_asterisk
D:6:      layout_rooms, serial_shops, nicolae_take_the_stairs, abandoned_shop,
          minmay_hedge_maze, due_unseen_surprise, uniq_blork_the_orc,
          uniq_duvessa, uniq_maggie, uniq_menkaure
D:7:      layout_basic, temple_statues, serial_undead, serial_undead_d,
          serial_undead_c, serial_undead_f, serial_undead_d, serial_undead_c,
          serial_undead_e, grunt_decor_clamped, dk_vineyard_1,
          uniq_crazy_yiuf_cottage, uniq_prince_ribbit1
D:8:      layout_loops_ring, due_lair_maze_entry_diamond
Temple:   hellmonk_temple_of_storms

Skill      XL: |  1  2  3  4  5  6  7  8  9 |
---------------+----------------------------+-----
Conjurations   | 1 |  1.0
Short Blades   | 1 3 4 5 6 7 8 |  8.0
Stealth        | 4 5 7 8 10 11 14 | 14.2
Fire Magic     | 3 |  3.0
Dodging        | 4 7 10 | 10.0
Fighting       | |  0.2
Spellcasting   | |  2.7

Action                   |  1- 3 |  4- 6 |  7- 9 || total
-------------------------+-------+-------+-------++-------
Melee: Unarmed           |     7 |       |       ||     7
       Short sword       |    71 |   103 |   118 ||   292
       Punch             |     2 |       |     1 ||     3
       Dagger            |       |       |   128 ||   128
Throw: Throwing net      |       |       |     2 ||     2
 Cast: Foxfire           |    38 |    28 |    20 ||    86
       Scorch            |       |    11 |   133 ||   144
Evoke: Wand              |       |       |     3 ||     3
  Use: Scroll            |       |     3 |     3 ||     6
       Potion            |       |       |     3 ||     3
 Stab: Sleeping          |     3 |    13 |    12 ||    28
       Distracted        |       |       |     2 ||     2
Armor: Robe              |     8 |    14 |    20 ||    42
Dodge: Dodged            |    54 |    62 |   206 ||   322
Block: Other             |    14 |    19 |    58 ||    91
       Reflection        |     1 |       |     1 ||     2

Table legend: (Time is in decaauts)
 A = Elapsed time spent in this place.
 B = Non-inter-level travel time spent in this place.
 C = Inter-level travel time spent in this place.
 D = Time resting spent in this place.
 E = Time spent auto-exploring this place.
 F = Levels seen in this place.
 G = Mean time per level.
                   A        B        C        D        E       F      G
               +--------+--------+--------+--------+--------+-----+--------+
         Total |   9025 |   8857 |    168 |   1420 |   5842 |   9 | 1002.8 |
       Dungeon |   8983 |   8825 |    158 |   1420 |   5831 |   8 | 1122.9 |
        Temple |     42 |     32 |     10 |      0 |     10 |   1 |   42.0 |
               +--------+--------+--------+--------+--------+-----+--------+

Top non-repeatable levels by time:
     D:7: 2466 daAuts
     D:5: 1513 daAuts
     D:6: 1394 daAuts
     D:1: 1202 daAuts
     D:2: 934 daAuts
     D:4: 818 daAuts
     D:3: 572 daAuts
     D:8: 80 daAuts
  Temple: 42 daAuts
